 Dungeon Crawl Stone Soup version 0.29-a0-824-gd827844252 (webtiles) character file.

Game seed: 5886531153966593477

951 LynnLen the Covert (level 7, 0/41 HPs)
             Began as a Vampire Enchanter on July 11, 2022.
             Was a Follower of Dithmenos.
             Splashed by a jelly's acid (1 damage)
             ... on level 5 of the Dungeon.
             The game lasted 00:17:06 (5350 turns).

LynnLen the Covert (Vampire Enchanter)              Turns: 5350, Time: 00:17:07

Health: 0/41       AC:  0    Str:  7    XL:     7   Next: 90%
Magic:  10/10      EV: 13    Int: 17    God:    Dithmenos [*.....]
Gold:   181        SH:  0    Dex: 17    Spells: 4/10 levels left

rFire   . . .      SeeInvis +   f - +4 dagger
rCold   + + .      Faith    .   (no shield)
rNeg    + + +      Spirit   .   u - +0 leather armour
rPois   ∞          Reflect  .   (no helmet)
rElec   .          Harm     .   (no cloak)
rCorr   .          Rampage  .   d - +0 pair of gloves
Will    .....                   (no boots)
Stlth   +++++++...              (no amulet)
HPRegen 0.00/turn               a - +4 ring of protection
MPRegen 0.12/turn               (no ring)

@: corroded, bloodless, inhibited regen, wreathed by umbra
A: bloodless, fangs 3, see invisible, vampiric 2
a: Bat Form, Revivify, Renounce Religion


You were on level 5 of the Dungeon.
You worshipped Dithmenos.
Dithmenos was aware of your devotion.
You visited 1 branch of the dungeon, and saw 5 of its levels.

You collected 181 gold pieces.

Inventory:

Hand Weapons
 f - a +4 dagger (weapon)
Missiles
 c - 2 throwing nets
 g - 58 stones
 k - 5 poisoned darts (quivered)
Armour
 b - a +0 robe
 d - a +0 pair of gloves (worn)
 u - a +0 leather armour (worn)
Jewellery
 a - a +4 ring of protection (left hand)
 e - a ring of ice
Wands
 j - a wand of light (9)
 m - a wand of flame (18)
Scrolls
 p - 2 scrolls of immolation
 v - 2 scrolls of magic mapping
Potions
 h - a potion of cancellation {unknown}
 i - 3 potions of attraction
 l - a potion of berserk rage {unknown}
 n - 3 potions of curing {unknown}
 o - a potion of flight {unknown}
 q - a potion of lignification {unknown}
 r - a potion of ambrosia
 s - a potion of resistance {unknown}
 t - 2 potions of heal wounds {unknown}


   Skills:
 * Level 3.1 Fighting
 * Level 6.4 Short Blades
 + Level 4.1 Dodging
 + Level 8.8 Stealth
 - Level 2.0 Spellcasting
 - Level 4.4 Hexes


You had 4 spell levels left.
You knew the following spells:

 Your Spells              Type           Power      Damage    Failure   Level
a - Confusing Touch       Hex            16%        N/A       14%         3
b - Tukima's Dance        Hex            16%        N/A       14%         3

Your spell library contained the following spells:

 Spells                   Type           Power      Damage    Failure   Level
 Ensorcelled Hibernation  Hex/Ice        18%        N/A       19%         2
 Dazzling Flash           Conj/Hex       18%        N/A       34%         3
 Gell's Gravitas          Tloc           1%         N/A       65%         3
 Lesser Beckoning         Tloc           1%         N/A       65%         3
 Stone Arrow              Conj/Erth      2%         3d7       65%         3
 Teleport Other           Tloc           1%         N/A       65%         3
 Animate Armour           Summ/Erth      2%         N/A       96%         4
 Alistair's Intoxication  Tmut/Pois      0%         N/A       100%        5
 Borgnjor's Vile Clutch   Necr/Erth      0%         N/A       100%        5
 Eringya's Noxious Bog    Tmut/Pois      0%         N/A       100%        6
 Lehudib's Crystal Spear  Conj/Erth      0%         10d2      100%        8


Dungeon Overview and Level Annotations

Branches:
Dungeon (5/15)
 Temple: D:4-7

Altars:
Ashenzari
Cheibriados
Dithmenos
Gozag
Hepliaklqana
Qazlal
Vehumet
Xom


Innate Abilities, Weirdness & Mutations

You do not regenerate when monsters are visible.
You are frail without blood (-20% HP).
You can heal yourself when you bite living creatures.
You are immune to poison.
You have razor-sharp teeth.
You have supernaturally acute eyesight. (SInv)
You are afflicted with vampirism and can become a bat while bloodless.


Message History

An orc comes into view. It is wielding a +0 dagger.
Throw: 6 darts (poison)
Press: ? - help, Q - select action, (/) - cycle Shift-Dir - straight line, f - jelly
Aim: a jelly (water, wandering, hasn't noticed you, 90% to hit)
You throw a poisoned dart. The poisoned dart hits the jelly.
You hear a splash.
The orc shouts!
You hear a shout! x2
A gnoll comes into view. It is wielding a +0 flail.
The jelly jiggles.
Press: ? - help, . - travel You can't see that place.
Okay, then.
You hit the jelly. The acid corrodes you!
Your hands burn!
The jelly is lightly wounded.
The jelly closely misses you.
You hit the jelly but do no damage.
Your hands burn!
The jelly is lightly wounded.
The jelly hits you.
You are splashed with acid.
You hit the jelly.
Your hands burn!
The jelly is moderately wounded.
You hit the jelly.
Your hands burn!
The jelly is moderately wounded.
The jelly hits you but does no damage.
You hit the jelly.
Your hands burn!
The jelly is heavily wounded.
The jelly barely misses you.
You hit the jelly. The acid corrodes you!
Your hands burn!
The jelly is severely wounded.
You hit the jelly but do no damage.
Your hands burn!
You bite the jelly.
The jelly is severely wounded.
The jelly closely misses you.
You hit the jelly.
Your hands burn!
The jelly is severely wounded.
The jelly hits you.
You are splashed with acid!
* * * LOW HITPOINT WARNING * * *
You hit the jelly.
Your hands burn!
* * * LOW HITPOINT WARNING * * *
The jelly is almost dead.
You hit the jelly but do no damage.
Your hands burn!
You die... .≈≈ og.

......
≈≈#####≈≈≈≈≈≈
≈J≈≈≈≈≈≈≈≈≈≈≈
≈≈≈≈≈≈≈≈≈≈≈≈
.......... #.....#
#.....# #J....#
#@....#+#######
#.............####
#.............#...
#.............'...
#.............#...
#.............#...
#.............####
#######+###.......
#.......


You could see a jelly.

Vanquished Creatures
  Sigmund (D:2)
  2 ogres (D:5)
  4 scorpions
  3 hounds
  Terence (D:2)
  An iguana (D:5)
  An orc wizard (D:4)
  4 gnolls (D:5)
  6 adders
  A worm (D:4)
  3 dart slugs
  17 orcs
  12 endoplasms
  3 giant cockroaches
  8 goblins
  8 hobgoblins
  5 jackals
  3 quokkas
  5 ball pythons
  8 bats
  3 frilled lizards (D:1)
  8 kobolds
  6 rats
  A spectral kobold (D:1)
114 creatures vanquished.

Vanquished Creatures (others)
  7 plants (D:4)
7 creatures vanquished.

Grand Total: 121 creatures vanquished

Notes
Turn   | Place    | Note
-------+----------+-------------------------------------------
     0 | D:1      | LynnLen the Vampire Enchanter began the quest for the Orb.
     0 | D:1      | Reached XP level 1. HP: 13/13 MP: 3/3
   119 | D:1      | Reached XP level 2. HP: 13/20 MP: 5/5
   343 | D:1      | Reached skill level 5 in Stealth
   380 | D:1      | Reached skill level 1 in Fighting
   545 | D:1      | Found a faded altar of an unknown god.
   629 | D:1      | Gained mutation: You are afflicted with vampirism and can
                  | become a bat while bloodless. [Vampire growth]
   629 | D:1      | Reached XP level 3. HP: 19/26 MP: 6/6
  1390 | D:2      | Found a radiant altar of Vehumet.
  1391 | D:2      | Noticed Terence
  1396 | D:2      | Learned a level 3 spell: Confusing Touch
  1407 | D:2      | Killed Terence
  1408 | D:2      | Reached XP level 4. HP: 19/25 MP: 4/7
  1620 | D:2      | Noticed Sigmund
  1625 | D:2      | Killed Sigmund
  1626 | D:2      | Reached skill level 6 in Stealth
  1626 | D:2      | Reached XP level 5. HP: 30/30 MP: 8/8
  1993 | D:2      | Reached XP level 6. HP: 35/35 MP: 9/9
  2174 | D:3      | Noticed a shadow
  2174 | D:3      | Found a shadowy altar of Dithmenos.
  2174 | D:3      | Found a hazy altar of Hepliaklqana.
  2180 | D:3      | Became a worshipper of Dithmenos the Shadowed
  2366 | D:3      | Found an opulent altar of Gozag.
  2972 | D:4      | Found a broken altar of Ashenzari.
  2992 | D:4      | Reached skill level 7 in Stealth
  3130 | D:4      | Reached * piety under Dithmenos
  3798 | D:4      | Reached skill level 5 in Short Blades
  3960 | D:4      | Reached XP level 7. HP: 40/40 MP: 10/10
  4447 | D:5      | Entered Level 5 of the Dungeon
  4464 | D:5      | Reached skill level 8 in Stealth
  4586 | D:5      | Learned a level 3 spell: Tukima's Dance
  4675 | D:5      | HP: 2/40 [scorpion (6)]
  5068 | D:5      | Found a snail-covered altar of Cheibriados.
  5071 | D:5      | Found a shimmering altar of Xom.
  5076 | D:5      | Found a stormy altar of Qazlal.
  5349 | D:5      | HP: 1/41 [acid (5)]
  5350 | D:5      | Splashed by a jelly's acid

Illustrated notes

Levels and vault maps discovered:
D:1:      onia_arrival_pentagram, layout_basic,
          dreamdust_ecumenical_altar_drowned_temple, st_stairs_13,
          chequers_serial_rivers_micro_d, palyth_stone_intersect,
          feat_on_display
D:2:      layout_basic, basic_altar, kennysheep_another_room, st_stairs_13,
          fountainhead, uniq_terence, uniq_sigmund
D:3:      layout_rooms, riverfiend_overflow_shadow_ancestor,
          mainiacjoe_overflow_catwalk_spiral, chequers_mini_garden
D:4:      layout_basic, old_standard_altar, serial_bayou, serial_bayou_ford_a,
          serial_bayou_shore_a, serial_bayou_pond_b, serial_bayou_pond_b,
          chequers_jeans, supply_closet_lemuel
D:5:      lemuel_castle_with_subvaults [lemuel_castle_interior_original],
          layout_gridville, grunt_temple_overflow_open,
          nicolae_ossuary_entry_ruins, hex_medium, uniq_crazy_yiuf_cottage

Skill      XL: |  1  2  3  4  5  6  7 |
---------------+----------------------+-----
Stealth        | 5 6 7 8 |  8.8
Fighting       | 1 2 3 |  3.1
Short Blades   | 2 4 5 6 |  6.4
Dodging        | 3 4 |  4.1
Spellcasting   | |  2.0
Hexes          | |  4.4

Action                   |  1- 3 |  4- 6 |  7- 9 || total
-------------------------+-------+-------+-------++-------
Melee: Dagger            |    94 |   152 |   144 ||   390
       Bite              |     8 |    11 |    14 ||    33
       Punch             |       |     5 |     1 ||     6
Throw: Dart              |       |       |     4 ||     4
 Cast: Confusing Touch   |     1 |       |     2 ||     3
       Tukima's Dance    |       |       |     2 ||     2
 Abil: Exsanguinate      |     1 |       |       ||     1
  Use: Scroll            |     2 |     5 |     2 ||     9
       Potion            |       |       |     4 ||     4
 Stab: Sleeping          |     9 |    18 |     2 ||    29
       Confused          |     1 |       |     2 ||     3
       Distracted        |       |     1 |       ||     1
       Invisible         |       |       |     1 ||     1
Armor: Robe              |    15 |    33 |    26 ||    74
       Leather armour    |       |       |     1 ||     1
Dodge: Dodged            |    47 |    76 |    80 ||   203

Table legend: (Time is in decaauts)
 A = Elapsed time spent in this place.
 B = Non-inter-level travel time spent in this place.
 C = Inter-level travel time spent in this place.
 D = Time resting spent in this place.
 E = Time spent auto-exploring this place.
 F = Levels seen in this place.
 G = Mean time per level.
                   A        B        C        D        E       F      G
               +--------+--------+--------+--------+--------+-----+--------+
         Total |   5301 |   5301 |      0 |    762 |   2470 |   5 | 1060.2 |
       Dungeon |   5301 |   5301 |      0 |    762 |   2470 |   5 | 1060.2 |
               +--------+--------+--------+--------+--------+-----+--------+

Top non-repeatable levels by time:
     D:4: 1917 daAuts
     D:1: 1087 daAuts
     D:2: 1083 daAuts
     D:3: 610 daAuts
     D:5: 602 daAuts
